 Dungeon Crawl Stone Soup version 0.19-a0-1008-g4c63d25 (webtiles) character file.

193 Denapoli the Chopper (level 5, -6/45 HPs)
             Began as a Hill Orc Fighter on July 22, 2016.
             Was an Initiate of Okawaru.
             Mangled by a mummy (13 damage)
             ... in an ossuary.
             The game lasted 00:05:13 (2230 turns).

Denapoli the Chopper (Hill Orc Fighter)             Turns: 2230, Time: 00:05:14

Health: -6/45      AC:  6    Str: 20    XL:     5   Next: 72%
Magic:  5/5        EV:  7    Int:  8    God:    Okawaru [......]
Gold:   103        SH:  9    Dex: 10    Spells: 0 memorised, 4 levels left

rFire  . . .     SeeInvis .     a - +0 war axe
rCold  . . .     Gourm    .     l - +0 scale mail (curse)
rNeg   . . .     Faith    .     c - +0 shield
rPois  .         Spirit   .     (no helmet)
rElec  .         Dismiss  .     (no cloak)
rCorr  .         Reflect  .     (no gloves)
SustAt .         Harm     .     (no boots)
MR     .....                    (no amulet)
Stlth  ..........               (no ring)
                                (no ring)

@: not resistant to hostile enchantments, extremely unstealthy
A: no striking features
a: Renounce Religion


You were in an ossuary.
You worshipped Okawaru.
Okawaru was noncommittal.
You were not hungry.

You visited 1 branch of the dungeon, and saw 4 of its levels.
You also visited: Ossuary.

You collected 103 gold pieces.

Inventory:

Hand Weapons
 a - a +0 war axe (weapon)
Armour
 c - a +0 shield (worn)
 l - a cursed +0 scale mail (worn)
Scrolls
 k - a scroll of fog
 o - a scroll of blinking
Potions
 d - a potion of might
 h - a potion of ambrosia
 i - a potion of curing {unknown}
 n - a potion of flight {unknown}
Comestibles
 b - a slice of pizza
 f - 2 bread rations
 g - 2 beef jerkies
 j - a meat ration


   Skills:
 - Level 3.6 Fighting
 * Level 7.6 Axes
 - Level 3.2 Armour
 - Level 3.2 Shields


You had 4 spell levels left.
You didn't know any spells.

Dungeon Overview and Level Annotations

Branches:
Dungeon (4/15)
 Temple: D:4-7

Altars:
Okawaru
Qazlal


Message History

You destroy the kobold zombie!
Okawaru accepts your kill.
You barely miss the mummy.
The orc zombie hits you but does no damage.
You slash the mummy!
The mummy is severely damaged.
You hit the orc zombie. You hit the mummy. You block the mummy's attack.
The mummy hits you! The orc zombie hits you.
You hit the mummy.
The mummy is severely damaged.
You slash the mummy! You hit the orc zombie.
You destroy the orc zombie!
Okawaru accepts your kill. The mummy hits you! The mummy barely misses you.
Your shield and scale mail prevent you from hitting the mummy.
The mummy is severely damaged.
You hit the mummy. The mummy hits you!
* * * LOW HITPOINT WARNING * * *
The mummy hits you!
You die...

...........
.........
........
......
#....#
#....#
#M...#
#M@..#
#....#
#....#
#....#
#....#
#.∩∩.#
######


You could see 2 mummies.

Vanquished Creatures
  An orc wizard (D:3)
  An orc priest (D:3)
  4 adders
  4 worms (D:2)
  A giant gecko (D:1)
  7 orcs (D:3)
  2 ball pythons
  8 bats
  3 giant cockroaches
  2 gnoll zombies (Ossuary)
  11 hobgoblins
  10 kobolds
  2 quokkas
  2 giant newts (D:1)
  10 goblins
  A hobgoblin zombie (Ossuary)
  3 kobold zombies (Ossuary)
  An orc zombie (Ossuary)
  6 rats
79 creatures vanquished.

Notes
Turn   | Place    | Note
-------+----------+-------------------------------------------
     0 | D:1      | Denapoli the Hill Orc Fighter began the quest for the Orb.
     0 | D:1      | Reached XP level 1. HP: 19/19 MP: 1/1
    13 | D:1      | Reached skill level 3 in Axes
   143 | D:1      | Reached XP level 2. HP: 24/26 MP: 2/2
   209 | D:1      | Reached skill level 4 in Axes
   519 | D:1      | Reached XP level 3. HP: 31/31 MP: 3/3
   676 | D:2      | Reached skill level 5 in Axes
  1028 | D:2      | Reached XP level 4. HP: 39/39 MP: 4/4
  1266 | D:2      | Found a stormy altar of Qazlal.
  1361 | D:2      | Reached skill level 6 in Axes
  1905 | D:3      | Reached XP level 5. HP: 38/45 MP: 5/5
  1911 | D:3      | Found an iron altar of Okawaru.
  1920 | D:3      | Reached skill level 7 in Axes
  1927 | D:3      | Became a worshipper of Warmaster Okawaru
  2204 | D:4      | Found a sand-covered staircase.
  2213 | Ossuary  | Entered an ossuary
  2230 | Ossuary  | Mangled by a mummy

Vault maps used:
D:1:      ncdulo_halloftheorcs
D:2:      nicolae_qazlal_general_emergency, first_bread
D:3:      old_standard_altar
D:4:      nicolae_ossuary_entry_monument, uniq_edmund, uniq_menkaure,
          uniq_natasha
Ossuary:  ossuary_tomb_3

Skill      XL: |  1  2  3  4  5 |
---------------+----------------+-----
Axes           | 3 4 5 6 7 |  7.6
Fighting       | |  3.6
Armour         | |  3.2
Shields        | |  3.2

Action                   |  1- 3 |  4- 6 || total
-------------------------+-------+-------++-------
Melee: War axe           |   128 |   149 ||   277
  Use: Scroll            |     7 |     2 ||     9
       Potion            |     2 |       ||     2
  Eat: Chunk             |     1 |     4 ||     5
Armor: Scale mail        |    59 |    42 ||   101
       Skin              |     4 |       ||     4
Dodge: Dodged            |    34 |    38 ||    72
Block: Shield            |    72 |    68 ||   140
